 Dungeon Crawl Stone Soup version 0.20-a0-736-gd3249da (webtiles) character file.

968 Magnus the Thaumaturge (level 7, -2/36 HPs)
             Began as a Deep Elf Conjurer on Feb 23, 2017.
             Was an Initiate of Sif Muna.
             Shot with an arrow by a centaur (8 damage)
             ... on level 6 of the Dungeon.
             The game lasted 00:22:24 (6065 turns).

Magnus the Thaumaturge (Deep Elf Conjurer)          Turns: 6065, Time: 00:22:25

Health: -2/36      AC:  4    Str:  5    XL:     7   Next: 93%
Magic:  18/21      EV: 13    Int: 27    God:    Sif Muna [......]
Gold:   74         SH:  0    Dex: 15    Spells: 6/24 levels left

rFire    . . .     SeeInvis .   y - +5 quarterstaff (chaos)
rCold    . . .     Gourm    .   a - +1 robe
rNeg     + . .     Faith    .   (shield currently unavailable)
rPois    .         Spirit   .   (no helmet)
rElec    +         Reflect  .   z - +0 cloak
rCorr    .         Harm     .   (no gloves)
MR       .....                  (no boots)
Stlth    +.........             (no amulet)
Regen    0.2/turn               q - ring of Moodiness {rElec rN+ Stlth-}
MPRegen  0.2/turn               i - +5 ring of intelligence

@: about to teleport
A: no striking features
a: Renounce Religion


You were on level 6 of the Dungeon.
You worshipped Sif Muna.
Sif Muna was noncommittal.
You were not hungry.

You visited 2 branches of the dungeon, and saw 7 of its levels.

You collected 382 gold pieces.
You spent 308 gold pieces at shops.

Inventory:

Hand Weapons
 y - a +5 quarterstaff of chaos (weapon)
Missiles
 o - a throwing net (quivered)
Armour
 a - a +1 robe (worn)
 z - a +0 cloak (worn)
Jewellery
 i - a +5 ring of intelligence (left hand)
 q - the ring of Moodiness (right hand) {rElec rN+ Stlth-}
   (You bought it in a shop on level 6 of the Dungeon)

   [ring of loudness]

   It insulates you from electricity.
   It protects you from negative energy.
   It makes you less stealthy.
Wands
 m - a wand of confusion (11/48)
 x - a wand of flame (22/48)
Scrolls
 d - 2 scrolls of fear
 k - a scroll of fog
 l - 3 scrolls of teleportation
 n - 2 scrolls of identify
 s - 2 scrolls of amnesia
Potions
 e - 2 potions of might
 f - 2 potions of lignification
 j - 3 potions of curing
 t - a potion of ambrosia
 u - a potion of flight
 v - a potion of haste
Books
 b - a book of Conjurations

   Spells                             Type                      Level
   a - Magic Dart                     Conjuration                  1
   b - Searing Ray                    Conjuration                  2
   c - Dazzling Spray                 Conjuration/Hexes            3
   d - Fulminant Prism                Conjuration/Hexes            4
   e - Force Lance                    Conjuration/Translocation    4
   f - Iskenderun's Mystic Blast      Conjuration                  4
Comestibles
 c - 5 bread rations
 g - 8 royal jellies
 h - a meat ration
 p - 2 fruits
 r - a chunk of flesh


   Skills:
 - Level 2.4 Dodging
 - Level 2.4 Stealth
 + Level 9.0 Spellcasting
 + Level 8.3 Conjurations


You had 6 spell levels left.
You knew the following spells:

 Your Spells              Type           Power        Failure   Level  Hunger
a - Magic Dart            Conj           ####         1%          1    None
b - Searing Ray           Conj           ######       1%          2    None
c - Dazzling Spray        Conj/Hex       ####..       2%          3    None
d - Iskenderun's Mystic   Conj           ######..     1%          4    #......
e - Force Lance           Conj/Tloc      ####....     12%         4    #......
f - Fulminant Prism       Conj/Hex       ####......   12%         4    #......


Dungeon Overview and Level Annotations

Branches:
Dungeon (6/15)             Temple (1/1) D:5

Altars:
Ashenzari
Cheibriados
Elyvilon
Fedhas
Gozag
Hepliaklqana
Kikubaaqudgha
Makhleb
Okawaru
Ru
Sif Muna
Uskayaw
Vehumet
Wu Jian
Xom
Yredelemnul
Zin
The Shining One

Shops:
D:6 =


Message History

The centaur shoots an arrow.
The arrow hits you.
You see here an arrow.
The centaur shoots an arrow.
The arrow hits you!
* * * LOW HITPOINT WARNING * * *
As you read the scroll of teleportation, it crumbles to dust.
You feel strangely unstable.
Casting: Searing Ray
Confirm with . or Enter, or press ? or * to list all spells.
Aiming: Searing Ray
Press: ? - help, Shift-Dir - straight line, f - centaur
Aim: a centaur, wielding a shortbow The searing ray hits the centaur.
The centaur is heavily wounded. (Press . to maintain the ray.)
The centaur shoots an arrow.
The arrow hits you.
* * * LOW HITPOINT WARNING * * *
The searing ray hits the centaur.
The centaur is almost dead.
The centaur shoots an arrow.
The arrow hits you!
You die...

#......# #.....########.....
#......# #.##.###...........
#♣......####.##.###...........
#.............................
♣∩♣...............)...........
#..................###.#####.
#♣.....[)..........# #(# ..
#######............###.#....
................@...........
........##########..)#.#...
........# ##c.#.#.. ........#
#### ###..#.# ..
........#....# #....#.# ...
.............# #.#.##.. ...
#.####.##....# #.#.# #.# ###
....# #.#(# #.#### ...# #.#(#


You could see a centaur.

Vanquished Creatures
  Grinder (D:6)
  An ogre (D:6)
  The ghost of Mulkerokala the Ducker, an amateur HuWr (D:3)
  A centaur (D:6)
  A scorpion (D:4)
  2 hounds
  Crazy Yiuf (D:5)
  2 orc priests
  2 orc wizards
  A bullfrog skeleton (D:4)
  An iguana (D:6)
  3 worker ants (D:4)
  6 adders
  A shadow imp (D:6)
  An ooze (D:1)
  An adder skeleton (D:4)
  3 worms
  4 dart slugs
  7 orcs
  A ball python (D:1)
  7 giant cockroaches
  A hobgoblin (D:1)
  2 jackals (D:4)
  3 quokkas
  4 bats
  11 frilled lizards
  6 goblins
  A jackal skeleton (D:4)
  11 kobolds
  4 rats
91 creatures vanquished.

Vanquished Creatures (others)
  A fulminant prism (D:6)
1 creature vanquished.

Grand Total: 92 creatures vanquished

Notes
Turn   | Place    | Note
-------+----------+-------------------------------------------
     0 | D:1      | Magnus the Deep Elf Conjurer began the quest for the Orb.
     0 | D:1      | Reached XP level 1. HP: 10/10 MP: 6/6
   175 | D:1      | Reached XP level 2. HP: 15/15 MP: 4/8
   838 | D:1      | Reached skill level 4 in Spellcasting
   844 | D:1      | Reached XP level 3. HP: 19/19 MP: 2/10
   848 | D:1      | Learned a level 2 spell: Searing Ray
   852 | D:1      | Learned a level 3 spell: Dazzling Spray
   983 | D:2      | Reached skill level 5 in Conjurations
  1996 | D:3      | Reached XP level 4. HP: 24/24 MP: 6/12
  2077 | D:3      | Learned a level 4 spell: Iskenderun's Mystic Blast
  2239 | D:3      | Reached skill level 5 in Spellcasting
  2483 | D:3      | Found a blossoming altar of Fedhas.
  2640 | D:3      | Noticed Mulkerokala's ghost (amateur HuWr)
  3039 | D:3      | Killed Mulkerokala's ghost
  3039 | D:3      | Reached XP level 5. HP: 4/28 MP: 6/15
  3420 | D:4      | Reached skill level 6 in Spellcasting
  3881 | D:4      | Found a shattered altar of Ashenzari.
  3927 | D:4      | Reached XP level 6. HP: 32/32 MP: 5/17
  3933 | D:4      | Learned a level 4 spell: Force Lance
  3938 | D:4      | Learned a level 4 spell: Fulminant Prism
  4020 | D:4      | Found an ornate altar of the Wu Jian Council.
  4519 | D:4      | Reached skill level 7 in Spellcasting
  4774 | D:5      | Entered Level 5 of the Dungeon
  4946 | D:5      | Found a staircase to the Ecumenical Temple.
  4967 | Temple   | Entered the Ecumenical Temple
  5126 | Temple   | Became a worshipper of Sif Muna the Loreminder
  5353 | D:5      | Found a runed door.
  5374 | D:5      | Found an opulent altar of Gozag.
  5483 | D:5      | Noticed Crazy Yiuf
  5487 | D:5      | Killed Crazy Yiuf
  5487 | D:5      | Reached XP level 7. HP: 25/36 MP: 15/20
  5646 | D:6      | Noticed Grinder
  5673 | D:6      | Killed Grinder
  5673 | D:6      | Reached skill level 8 in Spellcasting
  5815 | D:6      | Found Pipn's Jewellery Shoppe.
  5873 | D:6      | Bought the ring of Moodiness {rElec rN+ Stlth-} for 308 gold pieces
  5914 | D:6      | Reached skill level 9 in Spellcasting
  6065 | D:6      | Shot with an arrow by a centaur

Vault maps used:
D:1:      nicolae_arrival_washed_ashore, minmay_pentomino_t2
D:3:      lemuel_round_altar
D:4:      lemuel_crystal_altar, ashenzari_conservatory_becter, first_bread,
          corexii_checkpoint_a
D:5:      minmay_temple_entry_statues, grunt_gozag_statues,
          uniq_crazy_yiuf_cottage
D:6:      serial_shops, nicolae_shop_trees, nicolae_tso_besieged_by_evil,
          uniq_grinder, uniq_blork_the_orc
Temple:   hc_temple_tempest_star

Skill      XL: |  1  2  3  4  5  6  7 |
---------------+----------------------+-----
Spellcasting   | 4 5 6 7 9 |  9.0
Conjurations   | 5 6 7 8 |  8.3
Dodging        | |  2.4
Stealth        | |  2.4

Action                   |  1- 3 |  4- 6 |  7- 9 || total
-------------------------+-------+-------+-------++-------
 Cast: Magic Dart        |    77 |    74 |    10 ||   161
       Searing Ray       |     1 |    13 |     6 ||    20
       Fulminant Prism   |       |       |     1 ||     1
  Use: Scroll            |       |     7 |     9 ||    16
  Eat: Chunk             |     3 |     8 |     2 ||    13
       Fruit             |       |     3 |       ||     3
Armor: Robe              |     1 |     3 |       ||     4
Dodge: Dodged            |     2 |    16 |     1 ||    19
